Map: Prion Terraces

Players

DarkZero - Winner!

  • Race: Protoss Protoss
  • League: Master

Miszu

  • Race: Terran Terran
  • League: Diamond

VOD

Have the link to the VOD?

Description

Time

  • Played on: March 25, 2016, 4:57 p.m.
  • Length: 7:34
Show
View Real Time Build Order
Export as new Build Order

DarkZero Protoss - Winner!

Build Orders: 1 Gate Expand 

Get SALT Encoding   

  12  0:01  Probe (Chrono Boost)  
  13  0:11  Probe (Chrono Boost)  
  14  0:17  Pylon  
  14  0:22  Probe (Chrono Boost)  
  16  0:36  Gateway, Probe (Chrono Boost)  
  16  0:46  Probe (Chrono Boost)  
  16  0:47  Assimilator  
  17  0:57  Probe (Chrono Boost)  
  18  1:07  Probe (Chrono Boost)  
  19  1:21  Nexus  
  19  1:32  Cybernetics Core  
  19  1:37  Probe (Chrono Boost)  
  20  1:43  Assimilator  
  20  1:47  Probe (Chrono Boost)  
  20  1:53  Pylon  
  21  1:58  Probe (Chrono Boost)  
  22  2:09  Warp Gate  
  22  2:12  Mothership Core (Chrono Boost)  
  22  2:15  Pylon  
  24  2:30  Probe (Chrono Boost)  
  24  2:35  Probe (Chrono Boost)  
  26  2:41  Probe (Chrono Boost)  
  26  2:42  Forge  
  27  2:48  Twilight Council  
  27  2:52  Probe (Chrono Boost)  
  27  2:55  Probe (Chrono Boost)  
  29  3:07  Probe x2 (Chrono Boost)  
  31  3:17  Robotics Facility, Probe x2 (Chrono Boost)  
  33  3:21  Pylon  
  33  3:27  Protoss Ground Weapons Level 1  
  33  3:28  Probe (Chrono Boost)  
  33  3:31  Resonating Glaives  
  33  3:32  Probe (Chrono Boost)  
  35  3:38  Probe (Chrono Boost)  
  36  3:44  Probe (Chrono Boost)  
  37  3:49  Probe (Chrono Boost)  
  37  3:53  Gateway x2  
  38  3:57  Probe (Chrono Boost)  
  38  3:59  Probe (Chrono Boost)  
  40  4:06  Pylon  
  40  4:09  Warp Prism  
  42  4:15  Gateway, Probe (Chrono Boost)  
  43  4:19  Pylon  
  43  4:20  Probe (Chrono Boost)  
  44  4:29  Dark Shrine  
  44  4:30  Assimilator  
  44  4:31  Adept  
  44  4:33  Assimilator  
  44  4:34  Probe x2 (Chrono Boost)  
  48  4:46  Observer  
  48  4:51  Probe (Chrono Boost)  
  50  4:55  Adept x3  
  50  4:56  Pylon  
  56  5:01  Probe x2 (Chrono Boost)  
  58  5:11  Observer  
  58  5:13  Pylon  
  59  5:22  Protoss Ground Armor Level 1  
  59  5:27  Adept x4  
  60  5:50  Adept x2  
  60  5:51  Adept, Dark Templar  
  65  6:01  Pylon  
  53  6:16  Stargate  
  47  6:25  Stargate, Probe x2 (Chrono Boost)  
  45  6:28  Nexus  
  43  6:33  Dark Templar  
  43  6:35  Probe (Chrono Boost)  
  45  6:45  Stalker x3  
  45  6:46  Probe (Chrono Boost)  
  52  6:52  Probe (Chrono Boost)  
  53  6:57  Pylon, Probe (Chrono Boost)  
  54  7:02  Probe (Chrono Boost)  
  53  7:11  Phoenix x2 (Chrono Boost)  
Show
View Real Time Build Order
Export as new Build Order

Miszu Terran 

Build Orders: Reaper Expand, Banshee Rush 

Get SALT Encoding   

  12  0:00  SCV  
  13  0:13  SCV  
  14  0:17  Supply Depot  
  14  0:25  SCV  
  15  0:39  SCV  
  15  0:40  Barracks  
  16  0:44  Refinery  
  16  0:51  SCV  
  17  1:03  SCV  
  18  1:16  SCV  
  19  1:29  Orbital Command  
  19  1:30  Reaper  
  20  1:45  Command Center  
  20  1:48  Supply Depot  
  20  1:55  SCV  
  20  2:00  Refinery  
  21  2:02  Barracks Reactor  
  21  2:07  SCV  
  22  2:20  SCV  
  23  2:24  Factory  
  23  2:33  SCV  
  23  2:42  Marine x2  
  25  2:46  SCV  
  26  2:56  Orbital Command  
  26  2:58  SCV  
  26  3:00  Marine x2  
  29  3:09  Starport, Factory Tech Lab  
  29  3:10  SCV  
  30  3:22  SCV  
  30  3:23  SCV  
  32  3:30  Supply Depot  
  32  3:33  Marine  
  32  3:34  Marine, SCV  
  34  3:35  SCV  
  36  3:46  SCV  
  36  3:47  SCV  
  38  3:48  Refinery x2  
  38  3:51  Cloaking Field  
  38  3:52  Banshee  
  38  3:55  Fusion Core  
  41  3:57  Marine x2  
  41  3:58  SCV  
  41  4:00  SCV  
  41  4:02  Supply Depot  
  45  4:10  SCV  
  45  4:12  SCV  
  45  4:15  Starport  
  47  4:22  Supply Depot, SCV  
  47  4:24  SCV  
  49  4:34  SCV  
  49  4:35  Banshee  
  49  4:36  Supply Depot, SCV  
  54  4:43  Starport  
  54  4:47  SCV  
  54  4:48  SCV  
  54  4:52  Starport Tech Lab  
  56  4:59  SCV  
  57  5:00  SCV  
  58  5:10  Hyperflight Rotors  
  58  5:11  SCV, Banshee  
  58  5:12  SCV  
  63  5:19  Supply Depot  
  63  5:23  SCV  
  63  5:26  Command Center  
  64  5:29  Banshee  
  64  5:30  Starport Tech Lab  
  56  5:50  Banshee  
  56  5:54  Banshee  
  56  5:55  Engineering Bay  
  38  6:10  SCV x2  
  25  6:14  Banshee  
  24  6:22  SCV x2  
  23  6:34  SCV  
  23  6:35  SCV  
  25  6:46  SCV  
  26  6:48  SCV  
  27  6:54  Missile Turret  
Tags
 
Add a new tag
Caveats
  • Supply blocks, unpowered buildings, or Contaminate may cause inaccurate times.
  • Supply counts are checked every 10 seconds.